 Dungeon Crawl Stone Soup version 0.27.1 (webtiles) character file.

Game seed: 15280107223275440944

2055 Artemis the Magician (level 9, -3/57 HPs)
             Began as a Djinni Fire Elementalist on Aug 29, 2021.
             Was a Believer of Makhleb.
             Slain by a wyvern zombie (9 damage)
             ... on level 7 of the Dungeon.
             The game lasted 00:49:33 (9462 turns).

Artemis the Magician (Djinni Fire Elementalist)     Turns: 9462, Time: 00:49:33

Health: -3/57      AC:  4    Str:  7    XL:     9   Next: 49%
Gold:   410        EV: 15    Int: 19    God:    Makhleb [**....] SH:  0 Dex: 15

rFire    + + .     SeeInvis .   q - +0 short sword (holy)
rCold    x . .     Faith    .   (no shield)
rNeg     . . .     Spirit   .   a - +0 robe
rPois    ∞         Reflect  .   f - +0 helmet
rElec    .         Harm     .   (no cloak)
rCorr    .         Rampage  .   c - +0 pair of gloves
Will     .....                  (boots unavailable)
Stlth    ++........             (no amulet)
HPRegen  0.19/turn              (no ring)
MPRegen  0.00/turn              (no ring)

@: freezing walls, flying
A: sickness immunity, fire resistance 2, cold vulnerability 1, float, innate
caster, hp casting, extra vitality 1
a: Renounce Religion, Minor Destruction


You were on level 7 of the Dungeon.
You worshipped Makhleb.
Makhleb was pleased with you.
You visited 2 branches of the dungeon, and saw 8 of its levels.
You also visited: Ossuary.

You collected 410 gold pieces.

Inventory:

Hand Weapons
 g - a +0 dagger of speed
 k - a +0 hunting sling
 l - a +1 dagger of venom
 p - a +2 halberd of holy wrath
 q - a +0 short sword of holy wrath (weapon)
 A - a +2 whip of flaming
 C - a +0 trident of venom
Missiles
 b - 18 poisoned darts
 d - 257 stones
 x - a throwing net
Armour
 a - a +0 robe (worn)
 c - a +0 pair of gloves (worn)
 f - a +0 helmet (worn)
 o - a +0 buckler
Magical Staves
 v - a staff of conjuration
Wands
 z - a wand of paralysis (5)
 B - a wand of iceblast (10)
Scrolls
 r - 2 scrolls of blinking
 s - 2 scrolls of fog {unknown}
 w - a scroll of amnesia {unknown}
 y - a scroll of enchant weapon {unknown}
Potions
 e - 3 potions of degeneration {unknown}
 h - 2 potions of lignification {unknown}
 i - 4 potions of heal wounds {unknown}
 j - a potion of magic {unknown}
 m - 2 potions of haste {unknown}
 n - a potion of brilliance {unknown}
 t - a potion of flight {unknown}
 u - 2 potions of resistance
 D - 3 potions of curing {unknown}
 E - 2 potions of cancellation {unknown}
 F - a potion of might {unknown}
 G - 2 potions of attraction {unknown}
 H - a potion of experience {unknown}
 I - 2 potions of ambrosia {unknown}


   Skills:
 - Level 1.1 Fighting
 - Level 2.1 Short Blades
 + Level 0.9 Staves
 + Level 7.1 Dodging
 - Level 3.0 Stealth
 + Level 7.4 Spellcasting


You couldn't memorise any spells.
You knew the following spells:

 Your Spells              Type           Power      Damage    Failure   Level
a - Foxfire               Conj/Fire      100%       2x1d9     1%          1
b - Conjure Flame         Conj/Fire      35%        6-21      1%          3
c - Inner Flame           Hex/Fire       35%        N/A       1%          3
d - Sticky Flame          Conj/Fire      35%        2d5       4%          4
e - Fireball              Conj/Fire      17%        3d9       13%         5
f - Magic Dart            Conj           100%       1d8       1%          1
g - Static Discharge      Conj/Air       35%        N/A       1%          2
h - Confusing Touch       Hex            35%        N/A       1%          3
i - Frozen Ramparts       Ice            70%        1d9       1%          3
Your spell library was empty.

Dungeon Overview and Level Annotations

Branches:
Dungeon (7/15)             Temple (1/1) D:4         Ossuary (visited)

Altars:
Ashenzari
Cheibriados
Elyvilon
Fedhas
Gozag
Kikubaaqudgha
Makhleb
Nemelex Xobeh
Okawaru
Qazlal
Ru
Sif Muna
Trog
Vehumet
Wu Jian
Xom
Yredelemnul
Zin
The Shining One

Annotations:
D:7 Pikel


Innate Abilities, Weirdness & Mutations

You are immune to sickness and miasma.
You are immune to poison.
Your flesh is very heat resistant. (rF++)
You are vulnerable to cold. (rC-)
You float through the air rather than walking.
You learn spells naturally, not from books.
Your magical power is your life essence.
You have superior vitality. (+4 HP)


Message History

The wyvern zombie is heavily damaged.
The wyvern zombie completely resists.
The wall freezes the wyvern zombie but does no damage.
The wyvern zombie bites you!
* * * LOW HITPOINT WARNING * * *
Casting: Magic Dart (safe; 1% risk of failure)
Confirm with . or Enter, or press ? or * to list all spells.
Aiming: Magic Dart (safe; 1% risk of failure)
Press: ? - help, Shift-Dir - straight line, f/p - wyvern zombie
Aim: a wyvern zombie (heavily damaged, 100% to hit)
The magic dart hits the wyvern zombie.
The wyvern zombie is severely damaged.
* * * LOW HITPOINT WARNING * * *
The wyvern zombie resists.
The wall freezes the wyvern zombie.
The wyvern zombie bites you!
* * * LOW HITPOINT WARNING * * *
You hit the wyvern zombie.
The wyvern zombie convulses.
The wyvern zombie is severely damaged.
The wyvern zombie completely resists.
The wall freezes the wyvern zombie but does no damage.
The wyvern zombie barely misses you.
The wyvern zombie completely resists.
The wall freezes the wyvern zombie but does no damage.
The wyvern zombie bites you but does no damage.
You hit the wyvern zombie but do no damage.
The wyvern zombie is severely damaged.
The wyvern zombie completely resists.
The wall freezes the wyvern zombie but does no damage.
The wyvern zombie bites you.
* * * LOW HITPOINT WARNING * * *
You hit the wyvern zombie but do no damage.
The wyvern zombie is severely damaged.
The wyvern zombie completely resists.
The wall freezes the wyvern zombie but does no damage.
The wyvern zombie closely misses you.
You hit the wyvern zombie.
The wyvern zombie convulses.
The wyvern zombie is almost destroyed.
The wyvern zombie completely resists.
The wall freezes the wyvern zombie but does no damage.
The wyvern zombie bites you!
You die...

#######
#@(...#
#Z###.# #.#
#.# #.# #.#
######### #.#
#.# #.......#
#.# #.#
#......8## #.#
#.# #......##.
#############
#.#
#.###.........
.##.........#
#.#
#...'.........


You could see a wyvern zombie.

Vanquished Creatures
  2 water moccasins
  3 ice beasts
  A hornet zombie (D:7)
  2 ogres
  2 bullfrogs (D:7)
  2 scorpions
  7 water moccasin zombies (Ossuary)
  A water moccasin skeleton (D:5)
  A bullfrog zombie (D:5)
  2 centaur zombies
  A hound (D:6)
  A centaur skeleton (D:4)
  A gnoll shaman (D:5)
  An orc priest (D:4)
  An iguana (D:5)
  Natasha (thrice) (D:4)
  An orc wizard (D:6)
  2 killer bee zombies
  2 mummies (Ossuary)
  5 gnolls (D:5)
  8 adders
  2 white imps
  2 adder zombies (Ossuary)
  A worm (D:2)
  2 dart slugs
  7 orcs
  5 ball pythons
  9 bats
  2 endoplasms
  6 giant cockroaches
  2 gnoll zombies (Ossuary)
  4 hobgoblins
  2 quokkas
  6 frilled lizards
  6 goblins
  6 hobgoblin zombies (Ossuary)
  6 kobolds
  5 kobold zombies (Ossuary)
  7 orc zombies (Ossuary)
  7 rats
136 creatures vanquished.

Vanquished Creatures (others)
  291 foxfires
291 creatures vanquished.

Grand Total: 427 creatures vanquished

Notes
Turn   | Place    | Note
-------+----------+-------------------------------------------
     0 | D:1      | Artemis the Djinni Fire Elementalist began the quest for
                  | the Orb.
     0 | D:1      | Reached XP level 1. HP: 15/15 MP: 0/0
   181 | D:1      | Reached XP level 2. HP: 19/21 MP: 0/0
  1142 | D:2      | Reached XP level 3. HP: 23/25 MP: 0/0
  1142 | D:2      | Learned a level 1 spell: Magic Dart
  1886 | D:2      | Reached XP level 4. HP: 20/31 MP: 0/0
  2647 | D:3      | Found a broken altar of Ashenzari.
  3145 | D:4      | Reached XP level 5. HP: 32/35 MP: 0/0
  3145 | D:4      | Learned a level 2 spell: Static Discharge
  3367 | D:4      | Reached skill level 1 in Short Blades
  3492 | D:4      | Found a staircase to the Ecumenical Temple.
  3502 | Temple   | Entered the Ecumenical Temple
  3743 | Temple   | Became a worshipper of Makhleb the Destroyer
  4097 | D:4      | Noticed Natasha
  4099 | D:4      | Killed Natasha
  4100 | D:4      | Reached XP level 6. HP: 41/41 MP: 0/0
  4296 | D:4      | Noticed Natasha
  4300 | D:4      | Killed Natasha
  4396 | D:4      | Noticed Natasha
  4421 | D:4      | Killed Natasha
  4595 | D:5      | Entered Level 5 of the Dungeon
  4644 | D:5      | Reached skill level 1 in Fighting
  4983 | D:5      | Noticed an ogre
  5065 | D:5      | Noticed an ice beast
  5073 | D:5      | Reached XP level 7. HP: 43/47 MP: 0/0
  5073 | D:5      | Learned a level 3 spell: Confusing Touch
  6544 | D:5      | Reached skill level 5 in Dodging
  6544 | D:5      | Reached skill level 5 in Spellcasting
  6544 | D:5      | Reached XP level 8. HP: 51/52 MP: 0/0
  6902 | D:6      | Found a white marble altar of Elyvilon.
  7910 | D:7      | Noticed a vampire
  7988 | D:7      | Found a sand-covered staircase.
  8001 | Ossuary  | Entered an ossuary
  8019 | Ossuary  | Reached * piety under Makhleb
  8111 | Ossuary  | Reached XP level 9. HP: 54/57 MP: 0/0
  8111 | Ossuary  | Learned a level 3 spell: Frozen Ramparts
  8353 | Ossuary  | Reached ** piety under Makhleb
  8443 | D:7      | Found an ornate altar of the Wu Jian Council.
  8464 | D:7      | Noticed Pikel
  9462 | D:7      | Slain by a wyvern zombie

Illustrated notes

Levels and vault maps discovered:
D:1:      nzn_arrival_crosshair, layout_basic
D:2:      layout_basic
D:3:      layout_loops_ring, ashenzari_conservatory_becter,
          kennysheep_generic_room_12
D:4:      layout_loops_ring, minmay_temple_entry_butterflies,
          minmay_box_of_dots, uniq_natasha
D:5:      layout_loops_ring, mainiacjoe_overflow_boulevard,
          kennysheep_cluttered_room
D:6:      layout_basic, nicolae_overflow_crystal_walls, kennysheep_crisscross
D:7:      layout_basic, worldfamousw_hep_ancestral_shrine,
          mainiacjoe_overflow_chevrons, lightli_ossuary_entry_decrepit_ruins,
          enter_bailey_2, grunt_ministairs_10, minmay_chambers_of_fives,
          uniq_pikel, uniq_prince_ribbit1
Temple:   regret_index_temple_generic_petals

Skill      XL: |  1  2  3  4  5  6  7  8  9 |
---------------+----------------------------+-----
Spellcasting   | 3 4 5 6 7 |  7.4
Stealth        | 2 3 |  3.0
Dodging        | 3 5 6 7 |  7.1
Short Blades   | 1 2 |  2.1
Fighting       | 1 |  1.1
Staves         | |  0.9

Action                   |  1- 3 |  4- 6 |  7- 9 || total
-------------------------+-------+-------+-------++-------
Melee: Dagger            |    63 |    79 |    16 ||   158
       Staff             |       |       |    15 ||    15
       Short sword       |       |       |    48 ||    48
 Cast: Foxfire           |    43 |    35 |    90 ||   168
       Magic Dart        |       |    13 |    25 ||    38
       Inner Flame       |       |       |    10 ||    10
       Static Discharge  |       |       |     1 ||     1
       Frozen Ramparts   |       |       |     3 ||     3
  Use: Scroll            |     2 |     2 |     4 ||     8
 Stab: Sleeping          |     1 |     7 |     5 ||    13
Armor: Robe              |    23 |    50 |    22 ||    95
Dodge: Dodged            |    46 |    97 |   107 ||   250
